 Dungeon Crawl Stone Soup version 0.31-a0-846-gb3bcc0d938 (webtiles) character file.

Game seed: 2198411191639289301

104 Danienth the Shooter (level 4, 0/26 HPs)
             Began as a Deep Elf Hexslinger on Oct 3, 2023.
             Was a Believer of Dithmenos.
             Slain by Natasha (7 damage)
             ... on level 3 of the Dungeon.
             The game lasted 00:10:16 (2231 turns).

Danienth the Shooter (Deep Elf Hexslinger)          Turns: 2231, Time: 00:10:16

Health: 0/26       AC:  4    Str:  7    XL:     4   Next: 52%
Magic:  8/8        EV: 12    Int: 18    God:    Dithmenos [**....]
Gold:   101        SH:  0    Dex: 17    Spells: 0/6 levels left

rFire   . . .        a - +1 sling (freeze)
rCold   . . .        (no shield)
rNeg    . . .        d - +0 leather armour
rPois   .            f - +0 helmet
rElec   .            (no cloak)
rCorr   .            (no gloves)
SInv    .            (no boots)
Will    .....        (no amulet)
Stlth   ++           (no ring)
HPRegen 0.24/turn    (no ring)
MPRegen 0.11/turn

%: no passive effects
@: slowed, wreathed by umbra, very slow
A: no striking features
a: Renounce Religion, Shadow Step


You were on level 3 of the Dungeon.
You worshipped Dithmenos.
Dithmenos was pleased with you.
You visited 1 branch of the dungeon, and saw 3 of its levels.

You collected 101 gold pieces.

Inventory:

Hand Weapons
 a - a +1 sling of freezing (weapon)
Armour
 c - a +0 robe
 d - a +0 leather armour (worn)
 f - a +0 helmet (worn)
Jewellery
 g - a ring of protection from fire
Wands
 e - a wand of flame (17)
Scrolls
 b - a scroll of poison
Potions
 h - a potion of mutation
 i - a potion of degeneration {unknown}
 k - a potion of curing {unknown}
 l - a potion of attraction {unknown}


   Skills:
 + Level 2.1 Fighting
 * Level 5.4 Ranged Weapons
 - Level 2.4 Dodging
 - Level 1.5 Spellcasting
 - Level 4.0 Hexes
 - Level 1.1 Fire Magic


You couldn't memorise any spells.
You knew the following spells:

 Your Spells              Type           Power      Damage    Failure   Level
a - Jinxbite              Hex            30%        N/A       9%          2
b - Cause Fear            Hex            7%         N/A       50%         4

Your spell library contained the following spells:

 Spells                   Type           Power      Damage    Failure   Level
 Sigil of Binding         Hex            15%        N/A       17%         3
 Inner Flame              Hex/Fire       10%        N/A       30%         3
 Dimensional Bullseye     Hex/Tloc       4%         N/A       77%         4


Dungeon Overview and Level Annotations

Branches:
Dungeon (3/15)

Altars:
Dithmenos

Annotations:
D:3 Natasha


Message History

The sling bullet freezes Natasha.
Natasha is moderately wounded.
Natasha claws you!
You shoot a sling bullet.
The sling bullet hits Natasha but does no damage.
Natasha is moderately wounded.
Natasha closely misses you.
You shoot a sling bullet. The sling bullet barely misses Natasha.
Natasha claws you.
You shoot a sling bullet.
The sling bullet completely misses Natasha.
Natasha casts a spell at you.
You feel yourself slow down. Natasha closely misses you.
You shoot a sling bullet. The sling bullet misses Natasha.
Natasha mumbles some strange words.
Okay, then.
Natasha howls an incantation.
You feel disoriented. Natasha closely misses you.
You shoot a sling bullet. The sling bullet hits Natasha.
The sling bullet freezes Natasha.
Natasha is severely wounded.
Natasha wildly gestures.
Natasha shimmers violently.
Natasha barely misses you. The cerulean imp misses you.
Natasha casts a spell at you. The magic dart hits you!
The cerulean imp barely misses you.
You are too injured to fight recklessly!
You are too injured to fight recklessly!
Fire: a) +1 sling (freeze)
Press: ? - help, Shift-Dir - straight line, f/p - Natasha
Aim: Natasha (severely wounded, umbra, 55% to hit)
You shoot a sling bullet. The sling bullet barely misses Natasha.
The sling bullet closely misses the cerulean imp.
Natasha barely misses you.
The cerulean imp hits you from afar with a +2 spear.
* * * LOW HITPOINT WARNING * * *
The cerulean imp misses you. Natasha claws you!
You die...
Natasha begins licking her fur clean.

#.###..#### #.## #.# #.#
#.........###..###.#####.#
#..##........<..)......#.#
#..##..#####.####.........
#......# #.# #...##.#..
##.###.# #.# #...##.#.. ##.#
#[# #.# #.........
###...##.#####.#############
#.....(#.5h@.....#
#.......#######..# #......##
#.#.... #.... ##... ##.. ...
##.


You could see Natasha and a cerulean imp (summoned).

Vanquished Creatures
  Terence (D:2)
  Robin (D:2)
  An adder (D:2)
  A dart slug (D:1)
  5 ball pythons
  2 bats (D:2)
  8 endoplasms
  8 goblins
  5 hobgoblins
  4 jackals
  A quokka (D:1)
  2 frilled lizards
  8 kobolds
  6 rats
53 creatures vanquished.

Notes
Turn   | Place    | Note
-------+----------+-------------------------------------------
     0 | D:1      | Danienth the Deep Elf Hexslinger began the quest for the
                  | Orb.
     0 | D:1      | Reached XP level 1. HP: 11/11 MP: 5/5
   115 | D:1      | Reached skill level 3 in Ranged Weapons
   118 | D:1      | Reached skill level 1 in Fighting
   127 | D:1      | Reached XP level 2. HP: 16/16 MP: 6/6
   154 | D:1      | Found a faded altar of an unknown god.
   217 | D:1      | Prayed at the altar of an unknown god.
   217 | D:1      | Became a worshipper of Dithmenos the Shadowed
   217 | D:1      | Reached * piety under Dithmenos
   383 | D:1      | Reached skill level 4 in Ranged Weapons
   426 | D:1      | Reached XP level 3. HP: 20/20 MP: 7/7
   817 | D:2      | Learned a level 2 spell: Jinxbite
  1338 | D:2      | Reached ** piety under Dithmenos
  1410 | D:2      | Noticed Terence
  1426 | D:2      | Killed Terence
  1427 | D:2      | Reached skill level 5 in Ranged Weapons
  1427 | D:2      | Reached XP level 4. HP: 19/26 MP: 8/8
  1851 | D:2      | Learned a level 4 spell: Cause Fear
  1863 | D:3      | Noticed Robin
  1897 | D:2      | Killed Robin
  2220 | D:3      | Noticed Natasha
  2231 | D:3      | Slain by Natasha

Illustrated notes

Levels and vault maps discovered:
D:1:      sevenhm_arrival_forest_fort_large_2, layout_basic,
          ebering_ecumenical_altar_abandoned
D:2:      layout_basic, uniq_terence
D:3:      layout_loops_corners, evilmike_ruin_ashenzari, kennysheep_orc_chapel,
          uniq_robin, uniq_natasha, uniq_crazy_yiuf_cottage

Skill      XL: |  1  2  3  4 |
---------------+-------------+-----
Ranged Weapons | 3 4 5 |  5.4
Fighting       | 1 2 |  2.1
Dodging        | |  2.4
Spellcasting   | |  1.5
Hexes          | |  4.0
Fire Magic     | |  1.1

Action                     |  1- 3 |  4- 6 || total
---------------------------+-------+-------++-------
   Fire: Sling             |    89 |    44 ||   133
 Invoke: Shadow Step       |       |     1 ||     1
    Use: Scroll            |     5 |     2 ||     7
         Potion            |       |     2 ||     2
 Armour: Leather armour    |     5 |    32 ||    37
  Dodge: Dodged            |    11 |    50 ||    61

Table legend: (Time is in decaauts)
 A = Elapsed time spent in this place.
 B = Non-inter-level travel time spent in this place.
 C = Inter-level travel time spent in this place.
 D = Time resting spent in this place.
 E = Time spent auto-exploring this place.
 F = Levels seen in this place.
 G = Mean time per level.
                   A        B        C        D        E       F      G
               +--------+--------+--------+--------+--------+-----+--------+
         Total |   2266 |   2140 |    126 |    593 |   1235 |   3 |  755.3 |
       Dungeon |   2266 |   2140 |    126 |    593 |   1235 |   3 |  755.3 |
               +--------+--------+--------+--------+--------+-----+--------+

Top non-repeatable levels by time:
     D:2: 1353 daAuts
     D:1: 821 daAuts
     D:3: 91 daAuts
